Cogmind - Beta 17.1 @@@ ROGUE MODE // 2026.08.28 @ 19:04:24 Player: Bsuter Result: Destroyed by D-53 Grenadier with Mini Grenade Launcher Performance ------------- Evolutions (0) 0 Regions Visited (2) 400 Robots Destroyed (32) 160 Value Destroyed (793) 793 Prototype IDs (0) 0 Alien Tech Used (0) 0 Bonus (0) 0 TOTAL SCORE: 1353 Bonus ------- None Cogmind --------- Core Integrity 0/250 Matter 300/300 Energy 125/125 System Corruption 0% Temperature Cool (0) Movement Walking (190) Ox1 Location -10/Mines Parts ------- > --- POWER (1) -------- Light Ion Engine > --- PROPULSION (2) --- Aluminum Leg > --- UTILITY (2) ------ Small Storage Unit Seismic Detector > --- WEAPON (2) ------- Small Laser Improved Light Cannon > --- INVENTORY (8) ---- Light Ion Engine Aluminum Leg Machine Analyzer Mini Grenade Launcher Mini Grenade Launcher Datajack Mining Laser Peak State ------------ > --- POWER ------------ Light Nuclear Core > --- PROPULSION ------- Aluminum Leg Aluminum Leg > --- UTILITY ---------- Small Storage Unit Seismic Detector > --- WEAPON ----------- Assault Rifle Light Assault Rifle > --- INVENTORY -------- Light Ion Engine Light Ion Engine Light Treads Compact Wheel High-capacity Storage Unit Machine Analyzer Medium Laser Mining Laser [Rating: 10] Favorites ----------- Power Light Ion Engine Engine Light Ion Engine Power Core Light Nuclear Core Propulsion Aluminum Leg Treads Light Treads Leg Aluminum Leg Utility Small Storage Unit Device Seismic Detector Storage Small Storage Unit Weapon Assault Rifle Energy Gun Small Laser Ballistic Gun Assault Rifle Ballistic Cannon Improved Light Cannon Special Weapon Mining Laser Build | -11 -10 -10 ------- Run | Yrd Mat Min Slots Evolved . | . . . Power . | . . . Propulsion . | . . . Utility . | . . . Weapon . | . . . Parts Attached 20 | 9 11 . Power 4 | 1 3 . Engine 2 | 1 1 . Core 2 | . 2 . Reactor . | . . . Propulsion 8 | 3 5 . Treads 1 | 1 . . Leg 7 | 2 5 . Wheel . | . . . Hover . | . . . Flight . | . . . Utility 2 | 2 . . Device 1 | 1 . . Storage 1 | 1 . . Processor . | . . . Hackware . | . . . Protection . | . . . Artifact . | . . . Weapon 6 | 3 3 . Energy Gun 2 | 1 1 . Energy Cannon . | . . . Ballistic Gun 2 | 2 . . Ballistic Cannon 1 | . 1 . Launcher . | . . . Special Weapon 1 | . 1 . Impact Weapon . | . . . Slashing Weapon . | . . . Piercing Weapon . | . . . Special Melee Weapon . | . . . Unidentified Prototypes . | . . . Parts Lost 9 | . 8 1 Power 2 | . 2 . Propulsion 3 | . 2 1 Utility . | . . . Weapon 4 | . 4 . Highest Loss Streak 4 | . 4 1 To Critical Strikes . | . . . Average Backups 6 | 3 7 7 Power 1 | . 1 1 Propulsion 2 | 1 2 1 Utility 1 | . 1 1 Weapon 1 | 1 1 3 Tool/Special . | . . . Unused Backups 6 | . 2 4 Power . | . . . Propulsion 1 | . 1 . Utility 2 | . 1 1 Weapon 2 | . . 2 Tool/Special 1 | . . 1 Average Slot Usage (%) 96 | . 95 99 Engine 7 | . 6 14 Core 4 | . 4 . Leg 27 | . 27 27 Device 14 | . 14 14 Storage 14 | . 14 14 Energy Gun 12 | . 11 14 Ballistic Gun 11 | . 12 . Ballistic Cannon 3 | . 2 14 Peak Build Rating 10 | 7 10 9 Average Rating 7 | 5 7 8 On Entrance 5 | . 7 9 Avg Prop Armor Cover (%) . | . . . Naked Turns . | . . . Heaviest Build 14 | 12 14 14 Greatest Support 20 | 20 20 20 Greatest Overweight (x) 1 | . 1 1 Average Overweight (x) . | . . . Largest Inventory Capacity 8 | 8 8 8 Average Capacity 7 | 7 8 8 Most Carried 8 | 5 8 7 Average Carried 6 | 3 7 7 Final Capacity 8 | 8 8 8 Final Carried 7 | 5 7 7 Class Distribution -------------------- 57% | Mutant 42% | Scavenger-Mutant Dominant Class ---------------- Mutant | -10/Materials Scavenger-Mutant | -10/Mines Resources | -11 -10 -10 ----------- Run | Yrd Mat Min Matter Collected 730 | 280 440 10 Remotely . | . . . Salvage Created 1155 | 113 1042 . Parts 65 | 11 54 . Haulers Intercepted . | . . . Recyclers Shooed 3 | . 3 . Parts Field Recycled . | . . . Retrieved Matter . | . . . Parts Self-Destructed . | . . . Prevented . | . . . Parts Restored . | . . . Kills | -11 -10 -10 ------- Run | Yrd Mat Min Combat Hostiles Destroyed 20 | . 20 . Guns 18 | . 18 . Cannons 2 | . 2 . Classes Destroyed 6 | 2 4 . Worker 3 | . 3 . Tunneler 3 | 3 . . Recycler 3 | 1 2 . Mechanic 1 | . 1 . Watcher 2 | . 2 . Grunt 20 | . 20 . Best Kill Streak 4 | 3 4 . Combat Bots Only 3 | . 3 . Max Kills in Single Turn 2 | 1 2 . Gunslinging . | . . . Exploded . | . . . Melee . | . . . Uniques/NPCs Destroyed . | . . . Combat | -11 -10 -10 -------- Run | Yrd Mat Min Hostile Shots Fired 114 | . 109 5 Missed 29 | . 29 . Hits 85 | . 80 5 Projectile 85 | . 80 5 AOE 5 | . . 5 Damage Taken 1148 | . 952 196 Core 279 | . 234 45 Absorbed by Shields . | . . . Core Remaining (%) 100 | 100 . . Volleys Fired 123 | 12 111 . Largest 2 | 2 2 . Hottest 150 | 40 150 . Shots Fired 227 | 24 203 . Gun 210 | 24 186 . Cannon 13 | . 13 . Launcher . | . . . Special 4 | . 4 . Kinetic 139 | 24 115 . Thermal 88 | . 88 . Explosive . | . . . Electromagnetic . | . . . Robot Hit Streak 9 | 3 9 . Robot Miss Streak 4 | 4 4 . Penetration Max . | . . . Secondary Targets 4 | . 4 . Max Gunslinging Chain 1 | . 1 . Shots Hit Robots 140 | 10 130 . Core Hits 59 | 5 54 . Critical Kills . | . . . Critical Parts Destroyed 1 | . 1 . Critical Strikes 7 | . 7 . Burn 6 | . 6 . Destroy 1 | . 1 . Melee Attacks . | . . . Impact . | . . . Slashing . | . . . Piercing . | . . . Sneak Attacks . | . . . Combat Hostiles . | . . . Follow-up Attacks . | . . . Damage Inflicted 1701 | 99 1602 . Guns 1509 | 99 1410 . Cannons 162 | . 162 . Explosions . | . . . Melee . | . . . Ramming 6 | . 6 . Kinetic 992 | 99 893 . Thermal 703 | . 703 . Explosive . | . . . Electromagnetic . | . . . Impact . | . . . Slashing . | . . . Piercing . | . . . Highest Corruption . | . . . Average Corruption . | . . . Corruption Purged . | . . . Corruption Blocked . | . . . Overload Shots . | . . . Overflow Damage 18 | . 18 . Projectiles 18 | . 18 . Explosions . | . . . Melee . | . . . Knockbacks 3 | . 3 . Impact . | . . . Kinetic 3 | . 3 . Secondary . | . . . Self-Inflicted Damage . | . . . Shots . | . . . Rammed . | . . . Targets Rammed 1 | . 1 . Kicked 1 | . 1 . Crushed . | . . . Highest Temperature 328 | . 328 . Average Temperature 77 | . 77 . Received Heat Transfer 522 | . 522 . Effects 4 | . 4 . Energy Bleed 2 | . 2 . Interference 2 | . 2 . Siege Activations . | . . . Martial Activations . | . . . Shielding Activations . | . . . Robots Disrupted . | . . . Combat Hostiles . | . . . Robots Corrupted . | . . . Combat Hostiles . | . . . Parts Fried . | . . . Impact Corruptions . | . . . Robots Melted . | . . . Combat Hostiles . | . . . Parts Melted 4 | . 4 . Heat Transferred 2387 | . 2387 . Parts Sabotaged . | . . . Parts Stolen . | . . . Parts Stripped . | . . . Power Chain Reactions . | . . . Alert | -11 -10 -10 ------- Run | Yrd Mat Min Maximum Alert Level . | . . . Low Security (%) 100 | 100 100 100 Level 1 . | . . . Level 2 . | . . . Level 3 . | . . . Level 4 . | . . . Level 5 . | . . . High Security . | . . . Max Security . | . . . Peak Influence 168 | 10 168 48 Initial 48 | . . 48 Average 80 | 1 102 20 Influence Increases 611 | 20 586 5 Destroy 0b10 Robot/C 400 | . 400 . Destroy 0b10 Robot/NC 65 | 20 40 5 Destroy Leader 84 | . 84 . Destroy Structure 2 | . 2 . Lose Combat Pursuer 60 | . 60 . Influence Decreases 611 | 20 462 129 Entered New Map 76 | . . 76 Time Decay 450 | 20 382 48 Lost Part 80 | . 80 . Lost Ally 5 | . . 5 Squads Dispatched 6 | . 6 . Investigation 4 | . 4 . Extermination . | . . . Reinforcement 2 | . 2 . Assault . | . . . Garrison . | . . . Intercept . | . . . Searches Triggered . | . . . Construction Impeded . | . . . Haulers Reinforced . | . . . Active Scanning Responses . | . . . Cargo Convoy Interrupts . | . . . Stealth | -11 -10 -10 --------- Run | Yrd Mat Min Distress Signals 4 | . 4 . Communications Jammed . | . . . Distress Signals . | . . . Times Spotted 35 | . 32 3 Peak Tracking Total 5 | . 5 2 Tactical Retreats 4 | . 4 . Traps | -11 -10 -10 ------- Run | Yrd Mat Min Traps Triggered 3 | . 3 . Indirectly . | . . . Trap Hack Attempts . | . . . Triggered . | . . . Disarmed . | . . . Reprogrammed . | . . . Reused . | . . . Traps Extracted . | . . . Installed . | . . . Triggered . | . . . Machines | -11 -10 -10 ---------- Run | Yrd Mat Min Machines Disabled . | . . . Max in Single Turn . | . . . Machines Repaired . | . . . Machines Dismantled . | . . . Machines Sabotaged . | . . . Overloaded Fab Kills . | . . . Hacking | -11 -10 -10 --------- Run | Yrd Mat Min Machines Accessed 4 | . 4 . Terminals 4 | . 4 . Fabricators . | . . . Repair Stations . | . . . Recycling Units . | . . . Scanalyzers . | . . . Garrison Access . | . . . Total Hacks 10 | . 10 . Successful 2 | . 2 . Failed 8 | . 8 . Catastrophic 3 | . 3 . Database Lockouts . | . . . Manual 4 | . 4 . Terminals 10 | . 10 . Fabricators . | . . . Repair Stations . | . . . Recycling Units . | . . . Scanalyzers . | . . . Garrison Access . | . . . Terminal Hacks 2 | . 2 . Dispatch Records 1 | . 1 . Reinforcement Status 1 | . 1 . Fabricator Hacks . | . . . Repair Station Hacks . | . . . Recycling Unit Hacks . | . . . Scanalyzer . | . . . Garrison Access Hacks . | . . . Unauthorized Hacks . | . . . Terminals . | . . . Fabricators . | . . . Repair Stations . | . . . Recycling Units . | . . . Scanalyzers . | . . . Garrison Access . | . . . Data Cores Recovered . | . . . Used . | . . . Hacking Detections 4 | . 4 . Full Trace Events 1 | . 1 . Feedback Events . | . . . Feedback Blocked . | . . . Robot Schematics Acquired . | . . . Robots Built . | . . . Authchips . | . . . Time . | . . . Total Robot Build Rating . | . . . Part Schematics Acquired . | . . . Parts Built . | . . . Authchips . | . . . Time . | . . . Total Part Build Rating . | . . . Part Studies Acquired . | . . . Parts Repaired . | . . . Time . | . . . Parts Recycled . | . . . Recycled Matter . | . . . Retrieved Matter . | . . . Retrieved Components . | . . . Parts Scanalyzed . | . . . Part Schematics Acquired . | . . . Parts Damaged . | . . . Bothacking | -11 -10 -10 ------------ Run | Yrd Mat Min Used RIF Installer . | . . . Robots Hacked . | . . . Non-combat . | . . . Combat . | . . . Robot Hacks Applied . | . . . Relay Couplers Released . | . . . Fabnet Peak Effective % . | . . . Robots Rewired . | . . . Allies Hacked . | . . . Hacks Repelled . | . . . Allies | -11 -10 -10 -------- Run | Yrd Mat Min Total Allies 3 | . . 3 Largest Group 3 | . . 3 Highest-Rated Group 40 | . . 40 Highest-Rated Ally 16 | . . 16 Total Orders . | . . . Ally Attacks 13 | . . 13 Total Damage 106 | . . 106 Kills 3 | . . 3 Allies Corrupted . | . . . Allies Melted . | . . . Intel | -11 -10 -10 ------- Run | Yrd Mat Min Active Infowar (turns) 1188 | 26 1026 136 Seismic 1188 | 26 1026 136 Robot Analysis Total . | . . . Derelict Logs Recovered . | . . . Drone Launches . | . . . Drone Recoveries . | . . . Exploration | -11 -10 -10 ------------- Run | Yrd Mat Min Turns Passed 1339 | 177 1026 136 Spaces Moved 713 | 113 489 111 Core 13 | 13 . . Treads . | . . . Legs 700 | 100 489 111 Wheels . | . . . Hover . | . . . Flight . | . . . Fastest Speed 50 | 50 120 120 Average Speed 119 | 111 120 121 Slowest Speed 190 | 120 190 190 Overloaded Moves . | . . . Propulsion Burnouts . | . . . Robots Hopped . | . . . Potential Cave-ins . | . . . Cave-ins Triggered . | . . . Exploration Rate (%) 32 | 5 70 22 Regions Visited 2 Branch Regions 1 Pre-discovered Areas . | . . . Known Exits Taken . | . . . Unknown Exits Taken 2 | 1 1 . Scrap Searched 1 | . . 1 Spaces Dug . | . . . Terrain Destroyed 1 | . 1 . Melee . | . . . Projectile 1 | . 1 . AOE . | . . . Terrain Rammed . | . . . Walls Destroyed . | . . . Machines Disabled . | . . . Actions | -11 -10 -10 --------- Run | Yrd Mat Min Total 972 | 138 721 113 Wait 97 | . 95 2 Move 711 | 112 488 111 Hop . | . . . Pick Up 9 | 3 6 . Fast Attach 15 | 9 6 . Attach 4 | . 4 . Detach 4 | 2 2 . Swap 3 | . 3 . Drop 5 | . 5 . Fire 123 | 12 111 . Melee . | . . . Ram . | . . . Kick 1 | . 1 . Crush . | . . . Escape Stasis . | . . . Rewire . | . . . Trap . | . . . Miscellaneous . | . . . Route ------- -11/Scrapyard -10/Materials (discovered 3 exits: [*Mat x2] / [*Min]) -10/Mines History --------- Turn | Location | Event 10 | -11/Scrapyard | Discovered new exit (range 16) 178 | -11/Scrapyard | Entered Materials 302 | -10/Materials | Build established: Mutant 324 | -10/Materials | Discovered new exit (range 15) 755 | -10/Materials | Core integrity fell below 50% 794 | -10/Materials | Core integrity fell below 20% 822 | -10/Materials | Lost 4 parts (2n2w) 867 | -10/Materials | Discovered new exit (range 5) 936 | -10/Materials | Discovered new exit (range 14) 1062 | -10/Materials | Build established: Scavenger-Mutant 1204 | -10/Materials | Entered Mines 1300 | -10/Mines | Assisted by bots powering up and referring to "LRC-V3" 1317 | -10/Mines | Assembled infested the area 1340 | -10/Mines | Destroyed by D-53 Grenadier with Mini Grenade Launcher Last Messages --------------- 01233_ Found 67 Matter. 01234_ Acquired 10 matter. 01234_ K-01 Serf collects debris. 01300_ Trooper 1a: "Hello LRC-V3. What is your command?" 01300_ Mercenary 1a: "Hello LRC-V3. What is your command?" 01300_ Trooper 1b: "Hello LRC-V3. What is your command?" 01303_ K-01 Serf collects debris. 01317_ ALERT: Infestation in the mines, dispatching Demolisher response squad. 01324_ K-01 Serf collects debris. 01334_ as-60473 powers down. 01334_ as-09944 powers down. 01334_ K-01 Serf collects debris. 01335_ C-45 Heavy ARC bursts open, deploying its payload. 01335_ D-53 Grenadier unfolds itself. 01337_ Aluminum Leg destroyed. Map ----- +----------------------------------------------------+ | | | | | | | | | | | | | ?????????????????????????????????????????????????? | | ?????????????????????????????????????????????????? | | ?????????????????????????????????????????????????? | | ????????????????????????????????################## | | ???????????????????????????###### # | | ???????????????????????????# ### #### ###### # | | ????????????? ????????????# ### #??# #????# # | | ????????????? ????????### ## ##??# #????# # | | ????????### ? ???????## % ##???# ???## | | ???????? ??????# #????###???# | | ??????????# % = ?????## d #??????????# | | ???????????# !%==??#### d #??????????# | | ????????????# %*%g### #??????????## | | ?????????????# **% ##???????????## | | ?????????????#### [## ###?????????????## | | ????????????????????# ##????????????????# | | ????????????????????# #?????????????????? | | ????????????????????## #?????????????????? | | ??????????????????# # ##?????????????????? | | ??????????????????# @ ###??????????????????? | | ??????????????????### #????????????????????? | | ????????????????????## #????????????????????? | | ?????????????????????#### ???????????????????? | | ????????????????????????#### $??????????????????? | | ???????????????????????????? ?????????????????? | | ????????????????????????????? ????????????????? | | ????????????????????????????? ##???????????????? | | ?????????????????????????????? #????????????????? | | ?????????????????????????????? ????????????????? | | ??????????????????????????????? #???????????????? | | ??????????????????????????????? #???????????????? | | ????????????????????????????????##???????????????? | | ?????????????????????????????????????????????????? | | ?????????????????????????????????????????????????? | | ?????????????????????????????????????????????????? | | ?????????????????????????????????????????????????? | | ?????????????????????????????????????????????????? | | ?????????????????????????????????????????????????? | | ?????????????????????????????????????????????????? | | ?????????????????????????????????????????????????? | | ?????????????????????????????????????????????????? | | ?????????????????????????????????????????????????? | | ?????????????????????????????????????????????????? | | ?????????????????????????????????????????????????? | +----------------------------------------------------+ Best States ------------- Heat Dissipation 25 Energy Generation 14 Energy Capacity 160 Matter Stores 300 Matter Capacity 300 Sight Range 16 Terrain Scan Density 10 Evasion (%) 55 Item Schematics ----------------- None Robot Schematics ------------------ None Fabricated ------------ Nothing Repaired ---------- Nothing Studied --------- None Alien Tech Used ----------------- None Achievements -------------- None Challenges ------------ None Game ------ Seed TimingMasterFlakker Manual? 0 Play Time 00:15:48 Cumulative 12.3 hours Start 2026.08.28 @ 18:28:38 End 2026.08.28 @ 19:04:24 Sessions 1 Manual Loads 0 Difficulty Rogue Special Mode None Game No. 18 Rogue 18 Adventurer 0 Explorer 0 Win Type - Total 0 Types 0/0/0/0/0/0/0/0/0/0 Lore% 8 Gallery% 12 Achievement% 11 Wizard Run 0 Options --------- Layout 1 ASCII 0 Keyboard 1 Movement Arrows Keybinds 1 Fullscreen 2 Font 36/Smallcaps Map View 50x40 Zoom Use 0% Tactical HUD 1 Map Filters NONE Filters NONE Steam 1 RUN: 63ca13e9-fccd-4ab5-a43e-58db9e4bcb32